Connexion

Gulls vs Moose

Created - 15 août 2023 at 07:58

Goals
1 2 3 T
Gulls 0 0 1 1
Moose 1 3 0 4
Shots
1 2 3 T
Gulls 4 6 13 23
Moose 9 16 10 35

GoalsPenalties
1st period
1. Moose , Mathieu Olivier 1 (Mathias Norlinder 7, Derrick Pouliot 2) at 6:58
No Penalty
2nd period
2. Moose , Jake Virtanen 4 (Nikita Scherbak 2, Alex Barre-Boulet 5) at 6:50
3. Moose , Filip Chlapik 2 (Derrick Pouliot 3, Isaac Ratcliffe 1) at 7:10
4. Moose , Mathias Norlinder 2 (Jake Virtanen 4, Nikita Scherbak 3) at 16:25
Marcus Kallionkelli (SAN) for Holding (Minor) at 14:14
3rd period
5. Gulls , Linus Olund 3 (Mirco Mueller 2, Dylan Sikura 6) at 4:48
Jake Virtanen (MAN) for Hooking (Minor) at 12:27
Gustav Bouramman (SAN) for Holding (Minor) at 16:44
Goalie Stats
Philippe Desrosiers (SAN), 31 saves from 35 shots - (0,886), L, 4-3-0, 60:00 minutes
Kaden Fulcher (MAN), 22 saves from 23 shots - (0,957), W, 4-2-1, 60:00 minutes
3 StarsOfficial
1 - Mathias Norlinder (MAN)
2 - Derrick Pouliot (MAN)
3 - Jake Virtanen (MAN)
Referees : Brian Pochmara and Jean Hebert
Linesman : Lyle Seitz and Jonny Murray
Game Note
No Game Note
Finance
Level 1 -- Attendance: 1796 (89,80%) -- Ticket Income 62 860 $
Level 2 -- Attendance: 958 (95,80%) -- Ticket Income 14 370 $
Total Attendance: 2754 (91,80%)
Total Ticket Income: 77 230 $
Other Income: 15 446 $
Total Income: 92 676 $



Team Name Goals Shots Shots Attemp Shots Blocked PIM HIT PP PK FO%
Gulls 12355114180 / 1 (0%)051%
Moose 4356862210 / 2 (0%)049%

Gulls
Player Name POS G A P +/- PIM HIT SHT SB MP PP MP PP SHT PK MP PK SHT FO% FOT
Alex LimogesC/LW000-2013021:141:0100:41059% 22
Arnaud DurandeauLW000-1013013:140:4500:0000% 1
Calvin ThurkaufC/LW000000000:000:0000:0000% 0
Dalton SmithLW000001104:170:5800:0000% 0
Dmitry KulikovD0001022025:271:1502:0900% 0
Dylan SikuraC/LW/RW0110010023:180:3601:16033% 3
Gustav BourammanD000-4200017:430:4400:0000% 0
Jack BadiniC/LW000-1020012:320:0000:00053% 15
Linus OlundC1011003013:160:3822:01037% 19
Lucas CarlssonD0000010016:490:0001:4900% 0
Lukas VejdemoC/LW/RW000-2004019:090:0000:00067% 3
Marcus KallionkelliLW000-1210011:460:0000:2200% 1
Mirco MuellerD0111013525:271:1512:0900% 0
Phil Di GiuseppeLW/RW000-2013023:010:5801:5800% 0
Ryan SheaD000-4031417:440:4400:0000% 0
Sam KurkerRW0000020120:071:0100:0000% 2
TJ HensickC/RW000-1000014:070:0001:38067% 15
Trevor MurphyD0000010116:490:0001:4900% 0
Moose
Player Name POS G A P +/- PIM HIT SHT SB MP PP MP PP SHT PK MP PK SHT FO% FOT
Alec RegulaD000-1011114:040:0000:0000% 0
Alex Barre-BouletC/LW/RW0112003022:191:3901:08063% 30
Anthony RichardC/LW0000003018:251:2601:18021% 14
Derrick PouliotD0223030123:221:4900:5400% 0
Filip ChlapikC/LW1010001014:062:0800:00061% 18
Fredrik ClaessonD0001001017:480:4500:5400% 0
Isaac RatcliffeLW0110002013:241:2600:0000% 1
Jake VirtanenRW1122237019:310:0000:0000% 0
Jordan MartinookC/LW0000051017:581:2610:51025% 4
Mathias NorlinderD1123003023:081:2411:0500% 0
Mathieu OlivierLW/RW101103209:242:3210:0000% 0
Nikita ScherbakLW/RW0222012119:530:0000:21033% 3
Pierre EngvallLW/RW0000002016:340:5300:00050% 2
Remi ElieLW000100307:360:2400:200100% 1
Ryan DmowskiLW0000001211:580:0000:0000% 0
Ryan McleodC000100206:520:0000:00038% 8
Wyatte WylieD0001001122:342:0901:0500% 0
Xavier OuelletD000-1050019:041:4900:0000% 0



Play-by-Play

1st period


0:01 of 1st period - Linus Olund wins face-off versus Alex Barre-Boulet in neutral zone.
0:20 of 1st period - Shot by Dylan Sikura.
0:20 of 1st period - Shot Misses the Net.
0:22 of 1st period - Shot by Dmitry Kulikov.
0:22 of 1st period - Shot Misses the Net.
0:26 of 1st period - Shot by Mirco Mueller.
0:26 of 1st period - Shot Misses the Net.
1:17 of 1st period - Pierre Engvall is hit by Ryan Shea and loses puck.
2:15 of 1st period - Icing by Alec Regula.
2:16 of 1st period - Jack Badini wins face-off versus Filip Chlapik in Moose zone.
2:25 of 1st period - Alec Regula is hit by Mirco Mueller and loses puck.
2:37 of 1st period - Off-side.
2:38 of 1st period - Alex Limoges wins face-off versus Ryan Mcleod in neutral zone.
3:13 of 1st period - Shot by Ryan Mcleod.
3:13 of 1st period - Stopped by Philippe Desrosiers without a rebound.
3:14 of 1st period - Alex Barre-Boulet wins face-off versus Jack Badini in Gulls zone.
3:17 of 1st period - Shot by Fredrik Claesson.
3:17 of 1st period - Shot Blocked by Mirco Mueller.
3:39 of 1st period - Shot by Jake Virtanen.
3:39 of 1st period - Stopped by Philippe Desrosiers without a rebound.
3:40 of 1st period - TJ Hensick wins face-off versus Anthony Richard in Gulls zone.
3:40 of 1st period - TJ Hensick is hit by Jordan Martinook.
4:07 of 1st period - Shot by Arnaud Durandeau.
4:07 of 1st period - Shot Blocked by Alec Regula.
4:14 of 1st period - Icing by Pierre Engvall.
4:15 of 1st period - Alex Limoges wins face-off versus Anthony Richard in Moose zone.
4:23 of 1st period - Alex Limoges is hit by Alec Regula and loses puck.
4:42 of 1st period - Pierre Engvall is hit by Alex Limoges and loses puck.
5:11 of 1st period - Shot by Ryan Shea.
5:11 of 1st period - Stopped by Kaden Fulcher without a rebound.
5:12 of 1st period - Alex Barre-Boulet wins face-off versus Jack Badini in Moose zone.
5:12 of 1st period - Nikita Scherbak is hit by Sam Kurker and loses puck.
5:54 of 1st period - Icing by Trevor Murphy.
5:55 of 1st period - Jack Badini wins face-off versus Filip Chlapik in Gulls zone.
6:43 of 1st period - Off-side.
6:44 of 1st period - Alex Limoges wins face-off versus Ryan Mcleod in neutral zone.
6:58 of 1st period - Shot by Mathieu Olivier.
6:58 of 1st period - Goal by Mathieu Olivier - Gulls : 0 - Moose : 1.
6:59 of 1st period - Alex Limoges wins face-off versus Nikita Scherbak in neutral zone.
7:18 of 1st period - Shot by Alex Limoges.
7:18 of 1st period - Stopped by Kaden Fulcher without a rebound.
7:19 of 1st period - Jordan Martinook wins face-off versus Linus Olund in Moose zone.
7:24 of 1st period - Gustav Bouramman is hit by Jordan Martinook.
9:11 of 1st period - Shot by Nikita Scherbak.
9:11 of 1st period - Shot Misses the Net.
9:22 of 1st period - Icing by Mirco Mueller.
9:23 of 1st period - Alex Limoges wins face-off versus Filip Chlapik in Gulls zone.
10:14 of 1st period - Fredrik Claesson is hit by Trevor Murphy.
10:19 of 1st period - Off-side.
10:20 of 1st period - Jack Badini wins face-off versus Alex Barre-Boulet in neutral zone.
10:43 of 1st period - Jack Badini is hit by Xavier Ouellet and loses puck.
10:52 of 1st period - Shot by Sam Kurker.
10:52 of 1st period - Shot Misses the Net.
11:42 of 1st period - Off-side.
11:43 of 1st period - Pierre Engvall wins face-off versus Jack Badini in neutral zone.
13:02 of 1st period - Icing by Trevor Murphy.
13:03 of 1st period - Jack Badini wins face-off versus Alex Barre-Boulet in Gulls zone.
13:03 of 1st period - Sam Kurker is hit by Jake Virtanen and loses puck.
13:11 of 1st period - Lucas Carlsson is hit by Xavier Ouellet and loses puck.
13:19 of 1st period - Icing by Xavier Ouellet.
13:20 of 1st period - Alex Barre-Boulet wins face-off versus Arnaud Durandeau in Moose zone.
13:41 of 1st period - Shot by Jake Virtanen.
13:41 of 1st period - Stopped by Philippe Desrosiers with a rebound.
13:43 of 1st period - Shot by Xavier Ouellet.
13:43 of 1st period - Shot Misses the Net.
13:45 of 1st period - Shot by Alex Barre-Boulet.
13:45 of 1st period - Deflect By Nikita Scherbak.
13:45 of 1st period - Stopped by Philippe Desrosiers without a rebound.
13:46 of 1st period - Alex Limoges wins face-off versus Pierre Engvall in Gulls zone.
14:01 of 1st period - Shot by Alex Limoges.
14:01 of 1st period - Stopped by Kaden Fulcher without a rebound.
14:02 of 1st period - Ryan Mcleod wins face-off versus TJ Hensick in Moose zone.
14:15 of 1st period - Shot by Ryan Mcleod.
14:15 of 1st period - Shot Misses the Net.
14:23 of 1st period - Ryan Mcleod is hit by Dylan Sikura and loses puck.
14:28 of 1st period - Shot by Arnaud Durandeau.
14:28 of 1st period - Shot Misses the Net.
14:30 of 1st period - Shot by Dylan Sikura.
14:30 of 1st period - Shot Misses the Net.
14:32 of 1st period - Shot by Dmitry Kulikov.
14:32 of 1st period - Stopped by Kaden Fulcher without a rebound.
14:33 of 1st period - Alex Limoges wins face-off versus Nikita Scherbak in Moose zone.
14:40 of 1st period - Shot by Phil Di Giuseppe.
14:40 of 1st period - Shot Misses the Net.
14:48 of 1st period - Phil Di Giuseppe is hit by Jake Virtanen.
15:03 of 1st period - Shot by Alex Barre-Boulet.
15:03 of 1st period - Stopped by Philippe Desrosiers without a rebound.
15:04 of 1st period - TJ Hensick wins face-off versus Anthony Richard in Gulls zone.
15:06 of 1st period - Icing by Arnaud Durandeau.
15:07 of 1st period - TJ Hensick wins face-off versus Jordan Martinook in Gulls zone.
15:23 of 1st period - Arnaud Durandeau is hit by Xavier Ouellet and loses puck.
15:35 of 1st period - Jordan Martinook is hit by Dmitry Kulikov.
15:48 of 1st period - Icing by Dmitry Kulikov.
15:49 of 1st period - TJ Hensick wins face-off versus Alex Barre-Boulet in Gulls zone.
16:02 of 1st period - Off-side.
16:03 of 1st period - Filip Chlapik wins face-off versus Alex Limoges in neutral zone.
16:06 of 1st period - Shot by Mathias Norlinder.
16:06 of 1st period - Shot Misses the Net.
16:35 of 1st period - Icing by Filip Chlapik.
16:36 of 1st period - Filip Chlapik wins face-off versus Marcus Kallionkelli in Moose zone.
16:38 of 1st period - Icing by Derrick Pouliot.
16:39 of 1st period - Filip Chlapik wins face-off versus Linus Olund in Moose zone.
17:11 of 1st period - Icing by Mathias Norlinder.
17:12 of 1st period - Filip Chlapik wins face-off versus Alex Limoges in Moose zone.
17:26 of 1st period - Icing by Mathias Norlinder.
17:27 of 1st period - Filip Chlapik wins face-off versus Jack Badini in Moose zone.
18:02 of 1st period - Shot by Jake Virtanen.
18:02 of 1st period - Stopped by Philippe Desrosiers without a rebound.
18:03 of 1st period - Alex Limoges wins face-off versus Anthony Richard in Gulls zone.
18:27 of 1st period - Shot by Phil Di Giuseppe.
18:27 of 1st period - Shot Misses the Net.
18:31 of 1st period - Shot by Alex Limoges.
18:31 of 1st period - Shot Misses the Net.
19:17 of 1st period - Shot by Jake Virtanen.
19:17 of 1st period - Shot Blocked by Mirco Mueller.
19:19 of 1st period - Shot by Wyatte Wylie.
19:19 of 1st period - Stopped by Philippe Desrosiers with a rebound.
19:50 of 1st period - Shot by Ryan Mcleod.
19:50 of 1st period - Deflect By Remi Elie.
19:50 of 1st period - Stopped by Philippe Desrosiers without a rebound.
19:51 of 1st period - Filip Chlapik wins face-off versus Linus Olund in Gulls zone.
Goals for this period are 0 for Gulls vs 1 for Moose.
Shots for this period are 4 for Gulls vs 9 for Moose.

2nd period


0:01 of 2nd period - Alex Barre-Boulet wins face-off versus Linus Olund in neutral zone.
0:49 of 2nd period - Dylan Sikura is hit by Derrick Pouliot and loses puck.
0:56 of 2nd period - Mirco Mueller is hit by Jordan Martinook and loses puck.
1:12 of 2nd period - Shot by Pierre Engvall.
1:12 of 2nd period - Stopped by Philippe Desrosiers with a rebound.
1:18 of 2nd period - Shot by Mathias Norlinder.
1:18 of 2nd period - Stopped by Philippe Desrosiers without a rebound.
1:19 of 2nd period - Alex Limoges wins face-off versus Ryan Mcleod in Gulls zone.
1:38 of 2nd period - Shot by Remi Elie.
1:38 of 2nd period - Shot Misses the Net.
1:48 of 2nd period - Shot by Ryan Mcleod.
1:48 of 2nd period - Shot Misses the Net.
1:50 of 2nd period - Shot by Ryan Mcleod.
1:50 of 2nd period - Shot Misses the Net.
1:58 of 2nd period - Shot by Ryan Mcleod.
1:58 of 2nd period - Stopped by Philippe Desrosiers with a rebound.
2:20 of 2nd period - Wyatte Wylie is hit by Jack Badini.
2:26 of 2nd period - Shot by Jake Virtanen.
2:26 of 2nd period - Shot Hit the Post.
2:34 of 2nd period - Shot by Arnaud Durandeau.
2:34 of 2nd period - Stopped by Kaden Fulcher without a rebound.
2:35 of 2nd period - Anthony Richard wins face-off versus Jack Badini in Moose zone.
2:40 of 2nd period - Lucas Carlsson is hit by Jordan Martinook and loses puck.
3:07 of 2nd period - Shot by Anthony Richard.
3:07 of 2nd period - Stopped by Philippe Desrosiers with a rebound.
3:09 of 2nd period - Shot by Jordan Martinook.
3:09 of 2nd period - Shot Misses the Net.
3:11 of 2nd period - Shot by Pierre Engvall.
3:11 of 2nd period - Stopped by Philippe Desrosiers with a rebound.
3:37 of 2nd period - Shot by Filip Chlapik.
3:37 of 2nd period - Shot Misses the Net.
4:14 of 2nd period - Shot by Nikita Scherbak.
4:14 of 2nd period - Shot Hit the Post.
4:16 of 2nd period - Shot by Fredrik Claesson.
4:16 of 2nd period - Stopped by Philippe Desrosiers with a rebound.
5:10 of 2nd period - Icing by Ryan Mcleod.
5:11 of 2nd period - Ryan Mcleod wins face-off versus Lukas Vejdemo in Moose zone.
5:39 of 2nd period - Shot by Phil Di Giuseppe.
5:39 of 2nd period - Stopped by Kaden Fulcher without a rebound.
5:40 of 2nd period - Linus Olund wins face-off versus Anthony Richard in Moose zone.
6:18 of 2nd period - Mirco Mueller is hit by Xavier Ouellet and loses puck.
6:40 of 2nd period - Jake Virtanen is hit by Ryan Shea.
6:42 of 2nd period - Shot by Fredrik Claesson.
6:42 of 2nd period - Shot Misses the Net.
6:46 of 2nd period - Shot by Alex Barre-Boulet.
6:46 of 2nd period - Shot Blocked by Ryan Shea.
6:50 of 2nd period - Shot by Jake Virtanen.
6:50 of 2nd period - Goal by Jake Virtanen - Gulls : 0 - Moose : 2.
6:51 of 2nd period - Filip Chlapik wins face-off versus TJ Hensick in neutral zone.
7:10 of 2nd period - Shot by Filip Chlapik.
7:10 of 2nd period - Goal by Filip Chlapik - Gulls : 0 - Moose : 3.
7:11 of 2nd period - Alex Barre-Boulet wins face-off versus Alex Limoges in neutral zone.
7:21 of 2nd period - Dmitry Kulikov is hit by Jake Virtanen and loses puck.
7:31 of 2nd period - Icing by Fredrik Claesson.
7:32 of 2nd period - Linus Olund wins face-off versus Alex Barre-Boulet in Moose zone.
7:41 of 2nd period - Linus Olund is hit by Nikita Scherbak and loses puck.
9:17 of 2nd period - Shot by Isaac Ratcliffe.
9:17 of 2nd period - Stopped by Philippe Desrosiers with a rebound.
9:19 of 2nd period - Shot by Filip Chlapik.
9:19 of 2nd period - Shot Misses the Net.
9:23 of 2nd period - Shot by Ryan Dmowski.
9:23 of 2nd period - Stopped by Philippe Desrosiers with a rebound.
9:25 of 2nd period - Shot by Isaac Ratcliffe.
9:25 of 2nd period - Stopped by Philippe Desrosiers without a rebound.
9:26 of 2nd period - Jack Badini wins face-off versus Ryan Mcleod in Gulls zone.
10:59 of 2nd period - Ryan Shea is hit by Derrick Pouliot and loses puck.
12:32 of 2nd period - Shot by Arnaud Durandeau.
12:32 of 2nd period - Deflect By Dylan Sikura.
12:32 of 2nd period - Shot Misses the Net.
12:34 of 2nd period - Shot by Dmitry Kulikov.
12:34 of 2nd period - Deflect By Arnaud Durandeau.
12:34 of 2nd period - Shot Misses the Net.
12:56 of 2nd period - Shot by Dalton Smith.
12:56 of 2nd period - Stopped by Kaden Fulcher with a rebound.
13:01 of 2nd period - Icing by Jordan Martinook.
13:02 of 2nd period - Linus Olund wins face-off versus Anthony Richard in Moose zone.
13:42 of 2nd period - Shot by Ryan Dmowski.
13:42 of 2nd period - Shot Blocked by Ryan Shea.
13:44 of 2nd period - Shot by Mathias Norlinder.
13:44 of 2nd period - Shot Blocked by Ryan Shea.
13:54 of 2nd period - Shot by Arnaud Durandeau.
13:54 of 2nd period - Shot Misses the Net.
13:59 of 2nd period - Icing by Filip Chlapik.
14:00 of 2nd period - Filip Chlapik wins face-off versus Sam Kurker in Moose zone.
14:00 of 2nd period - Mathias Norlinder is hit by Marcus Kallionkelli and loses puck.
14:14 of 2nd period - Minor Penalty to Marcus Kallionkelli for Holding.
14:15 of 2nd period - Alex Barre-Boulet wins face-off versus Linus Olund in Gulls zone.
14:15 of 2nd period - Alex Barre-Boulet is hit by Lucas Carlsson.
14:26 of 2nd period - Off-side.
14:27 of 2nd period - Alex Barre-Boulet wins face-off versus Linus Olund in neutral zone.
14:41 of 2nd period - Icing by Mathieu Olivier.
14:42 of 2nd period - Alex Barre-Boulet wins face-off versus Linus Olund in Moose zone.
14:49 of 2nd period - Trevor Murphy is hit by Mathieu Olivier and loses puck.
15:06 of 2nd period - Trevor Murphy is hit by Mathieu Olivier and loses puck.
16:07 of 2nd period - Shot by Mathias Norlinder.
16:07 of 2nd period - Shot Blocked by Mirco Mueller.
16:09 of 2nd period - Shot by Mathias Norlinder.
16:09 of 2nd period - Stopped by Philippe Desrosiers without a rebound.
16:10 of 2nd period - Linus Olund wins face-off versus Jordan Martinook in Gulls zone.
16:21 of 2nd period - Shot by Jake Virtanen.
16:21 of 2nd period - Shot Misses the Net.
16:23 of 2nd period - Shot by Jake Virtanen.
16:23 of 2nd period - Stopped by Philippe Desrosiers with a rebound.
16:25 of 2nd period - Shot by Mathias Norlinder.
16:25 of 2nd period - Goal by Mathias Norlinder - Gulls : 0 - Moose : 4.
16:26 of 2nd period - Alex Barre-Boulet wins face-off versus Jack Badini in neutral zone.
16:31 of 2nd period - Shot by Nikita Scherbak.
16:31 of 2nd period - Shot Misses the Net.
16:33 of 2nd period - Shot by Alec Regula.
16:33 of 2nd period - Stopped by Philippe Desrosiers without a rebound.
16:34 of 2nd period - Alex Barre-Boulet wins face-off versus Alex Limoges in Gulls zone.
16:41 of 2nd period - Shot by Phil Di Giuseppe.
16:41 of 2nd period - Stopped by Kaden Fulcher without a rebound.
16:42 of 2nd period - Alex Barre-Boulet wins face-off versus Sam Kurker in Moose zone.
16:42 of 2nd period - Alex Barre-Boulet is hit by Sam Kurker.
16:58 of 2nd period - Shot by Alex Barre-Boulet.
16:58 of 2nd period - Shot Misses the Net.
17:00 of 2nd period - Shot by Alex Barre-Boulet.
17:00 of 2nd period - Shot Hit the Post.
17:55 of 2nd period - Shot by Phil Di Giuseppe.
17:55 of 2nd period - Stopped by Kaden Fulcher without a rebound.
17:56 of 2nd period - Lukas Vejdemo wins face-off versus Filip Chlapik in Moose zone.
18:16 of 2nd period - Icing by Lucas Carlsson.
18:17 of 2nd period - Ryan Mcleod wins face-off versus Alex Limoges in Gulls zone.
18:38 of 2nd period - Shot by Alex Limoges.
18:38 of 2nd period - Shot Misses the Net.
18:58 of 2nd period - Shot by Arnaud Durandeau.
18:58 of 2nd period - Stopped by Kaden Fulcher without a rebound.
18:59 of 2nd period - Jack Badini wins face-off versus Alex Barre-Boulet in Moose zone.
19:26 of 2nd period - Shot by Jake Virtanen.
19:26 of 2nd period - Shot Blocked by Mirco Mueller.
19:28 of 2nd period - Shot by Nikita Scherbak.
19:28 of 2nd period - Stopped by Philippe Desrosiers without a rebound.
19:29 of 2nd period - TJ Hensick wins face-off versus Anthony Richard in Gulls zone.
19:48 of 2nd period - Off-side.
19:49 of 2nd period - Lukas Vejdemo wins face-off versus Filip Chlapik in neutral zone.
Goals for this period are 0 for Gulls vs 3 for Moose.
Shots for this period are 6 for Gulls vs 16 for Moose.

3rd period


0:01 of 3rd period - Alex Barre-Boulet wins face-off versus Dylan Sikura in neutral zone.
0:08 of 3rd period - Shot by Alex Barre-Boulet.
0:08 of 3rd period - Shot Misses the Net.
0:11 of 3rd period - Icing by Mirco Mueller.
0:12 of 3rd period - Anthony Richard wins face-off versus Linus Olund in Gulls zone.
1:17 of 3rd period - Shot by Alex Limoges.
1:17 of 3rd period - Shot Misses the Net.
1:57 of 3rd period - Icing by Xavier Ouellet.
1:58 of 3rd period - Alex Barre-Boulet wins face-off versus TJ Hensick in Moose zone.
2:10 of 3rd period - Icing by Dmitry Kulikov.
2:11 of 3rd period - TJ Hensick wins face-off versus Isaac Ratcliffe in Gulls zone.
2:19 of 3rd period - Derrick Pouliot is hit by Arnaud Durandeau and loses puck.
2:26 of 3rd period - Shot by Arnaud Durandeau.
2:26 of 3rd period - Shot Misses the Net.
2:28 of 3rd period - Shot by Dmitry Kulikov.
2:28 of 3rd period - Stopped by Kaden Fulcher without a rebound.
2:29 of 3rd period - Jack Badini wins face-off versus Anthony Richard in Moose zone.
2:32 of 3rd period - Shot by Marcus Kallionkelli.
2:32 of 3rd period - Shot Hit the Post.
2:34 of 3rd period - Shot by Jack Badini.
2:34 of 3rd period - Shot Misses the Net.
3:15 of 3rd period - Icing by Jordan Martinook.
3:16 of 3rd period - Alex Limoges wins face-off versus Anthony Richard in Moose zone.
3:21 of 3rd period - Shot by Lukas Vejdemo.
3:21 of 3rd period - Deflect By Alex Limoges.
3:21 of 3rd period - Stopped by Kaden Fulcher without a rebound.
3:22 of 3rd period - Nikita Scherbak wins face-off versus TJ Hensick in Moose zone.
3:37 of 3rd period - Shot by Arnaud Durandeau.
3:37 of 3rd period - Shot Blocked by Nikita Scherbak.
3:46 of 3rd period - Icing by Fredrik Claesson.
3:47 of 3rd period - Alex Barre-Boulet wins face-off versus Alex Limoges in Moose zone.
3:47 of 3rd period - Alex Barre-Boulet is hit by Phil Di Giuseppe.
4:11 of 3rd period - Shot by Lukas Vejdemo.
4:11 of 3rd period - Shot Misses the Net.
4:13 of 3rd period - Shot by Lukas Vejdemo.
4:13 of 3rd period - Stopped by Kaden Fulcher without a rebound.
4:14 of 3rd period - Linus Olund wins face-off versus Filip Chlapik in Moose zone.
4:14 of 3rd period - Linus Olund is hit by Xavier Ouellet.
4:16 of 3rd period - Shot by Dylan Sikura.
4:16 of 3rd period - Shot Blocked by Ryan Dmowski.
4:18 of 3rd period - Shot by Linus Olund.
4:18 of 3rd period - Shot Misses the Net.
4:48 of 3rd period - Shot by Linus Olund.
4:48 of 3rd period - Goal by Linus Olund - Gulls : 1 - Moose : 4.
4:49 of 3rd period - Anthony Richard wins face-off versus Alex Limoges in neutral zone.
5:23 of 3rd period - Shot by Anthony Richard.
5:23 of 3rd period - Stopped by Philippe Desrosiers without a rebound.
5:24 of 3rd period - Alex Barre-Boulet wins face-off versus Dylan Sikura in Gulls zone.
5:24 of 3rd period - Alex Barre-Boulet is hit by Dmitry Kulikov.
5:26 of 3rd period - Shot by Jake Virtanen.
5:26 of 3rd period - Stopped by Philippe Desrosiers without a rebound.
5:27 of 3rd period - Linus Olund wins face-off versus Alex Barre-Boulet in Gulls zone.
5:46 of 3rd period - Shot by Dylan Sikura.
5:46 of 3rd period - Shot Misses the Net.
5:48 of 3rd period - Shot by Mirco Mueller.
5:48 of 3rd period - Stopped by Kaden Fulcher without a rebound.
5:49 of 3rd period - Alex Limoges wins face-off versus Filip Chlapik in Moose zone.
7:38 of 3rd period - Wyatte Wylie is hit by Jack Badini.
8:21 of 3rd period - Shot by Lukas Vejdemo.
8:21 of 3rd period - Shot Misses the Net.
8:23 of 3rd period - Shot by Lukas Vejdemo.
8:23 of 3rd period - Stopped by Kaden Fulcher with a rebound.
8:25 of 3rd period - Shot by Mirco Mueller.
8:25 of 3rd period - Stopped by Kaden Fulcher without a rebound.
8:26 of 3rd period - Filip Chlapik wins face-off versus Linus Olund in Moose zone.
8:28 of 3rd period - Icing by Isaac Ratcliffe.
8:29 of 3rd period - Filip Chlapik wins face-off versus Linus Olund in Moose zone.
9:27 of 3rd period - Shot by Lukas Vejdemo.
9:27 of 3rd period - Shot Misses the Net.
9:29 of 3rd period - Shot by Mirco Mueller.
9:29 of 3rd period - Shot Blocked by Ryan Dmowski.
9:31 of 3rd period - Shot by Phil Di Giuseppe.
9:31 of 3rd period - Deflect By Lukas Vejdemo.
9:31 of 3rd period - Stopped by Kaden Fulcher with a rebound.
9:33 of 3rd period - Shot by Phil Di Giuseppe.
9:33 of 3rd period - Shot Blocked by Derrick Pouliot.
9:38 of 3rd period - Alex Limoges is hit by Derrick Pouliot and loses puck.
9:56 of 3rd period - Icing by Derrick Pouliot.
9:57 of 3rd period - Filip Chlapik wins face-off versus TJ Hensick in Moose zone.
10:17 of 3rd period - Shot by Alex Barre-Boulet.
10:17 of 3rd period - Shot Misses the Net.
10:27 of 3rd period - Shot by Jake Virtanen.
10:27 of 3rd period - Shot Blocked by Trevor Murphy.
10:29 of 3rd period - Shot by Jake Virtanen.
10:29 of 3rd period - Stopped by Philippe Desrosiers without a rebound.
10:30 of 3rd period - Jack Badini wins face-off versus Anthony Richard in Gulls zone.
10:59 of 3rd period - Off-side.
11:00 of 3rd period - Alex Limoges wins face-off versus Alex Barre-Boulet in neutral zone.
11:16 of 3rd period - Shot by Alex Barre-Boulet.
11:16 of 3rd period - Stopped by Philippe Desrosiers with a rebound.
11:24 of 3rd period - Shot by Lukas Vejdemo.
11:24 of 3rd period - Stopped by Kaden Fulcher without a rebound.
11:25 of 3rd period - TJ Hensick wins face-off versus Ryan Mcleod in Moose zone.
12:02 of 3rd period - Shot by Remi Elie.
12:02 of 3rd period - Stopped by Philippe Desrosiers with a rebound.
12:04 of 3rd period - Shot by Ryan Mcleod.
12:04 of 3rd period - Shot Misses the Net.
12:27 of 3rd period - Minor Penalty to Jake Virtanen for Hooking.
12:28 of 3rd period - Alex Limoges wins face-off versus Alex Barre-Boulet in Moose zone.
13:16 of 3rd period - Fredrik Claesson is hit by Dalton Smith and loses puck.
13:54 of 3rd period - Shot by Mirco Mueller.
13:54 of 3rd period - Shot Blocked by Wyatte Wylie.
13:56 of 3rd period - Shot by Linus Olund.
13:56 of 3rd period - Stopped by Kaden Fulcher without a rebound.
13:57 of 3rd period - Alex Barre-Boulet wins face-off versus Linus Olund in Moose zone.
14:10 of 3rd period - Shot by Dalton Smith.
14:10 of 3rd period - Deflect By Phil Di Giuseppe.
14:10 of 3rd period - Shot Misses the Net.
14:12 of 3rd period - Shot by Linus Olund.
14:12 of 3rd period - Shot Misses the Net.
14:14 of 3rd period - Shot by Linus Olund.
14:14 of 3rd period - Stopped by Kaden Fulcher with a rebound.
14:16 of 3rd period - Shot by Phil Di Giuseppe.
14:16 of 3rd period - Shot Misses the Net.
14:18 of 3rd period - Shot by Mirco Mueller.
14:18 of 3rd period - Stopped by Kaden Fulcher without a rebound.
14:19 of 3rd period - Alex Barre-Boulet wins face-off versus Alex Limoges in Moose zone.
14:35 of 3rd period - Off-side.
14:36 of 3rd period - Remi Elie wins face-off versus Alex Limoges in neutral zone.
15:01 of 3rd period - Shot by Remi Elie.
15:01 of 3rd period - Stopped by Philippe Desrosiers without a rebound.
15:02 of 3rd period - TJ Hensick wins face-off versus Alex Barre-Boulet in Gulls zone.
15:40 of 3rd period - Icing by Mirco Mueller.
15:41 of 3rd period - TJ Hensick wins face-off versus Anthony Richard in Gulls zone.
15:50 of 3rd period - Shot by TJ Hensick.
15:50 of 3rd period - Shot Misses the Net.
16:00 of 3rd period - Phil Di Giuseppe is hit by Jordan Martinook and loses puck.
16:05 of 3rd period - Shot by Fredrik Claesson.
16:05 of 3rd period - Shot Misses the Net.
16:11 of 3rd period - Shot by Anthony Richard.
16:11 of 3rd period - Stopped by Philippe Desrosiers with a rebound.
16:17 of 3rd period - Shot by Anthony Richard.
16:17 of 3rd period - Shot Blocked by Ryan Shea.
16:44 of 3rd period - Minor Penalty to Gustav Bouramman for Holding.
16:45 of 3rd period - Alex Barre-Boulet wins face-off versus Linus Olund in Gulls zone.
16:50 of 3rd period - Shot by Mathieu Olivier.
16:50 of 3rd period - Shot Misses the Net.
16:52 of 3rd period - Shot by Mathieu Olivier.
16:52 of 3rd period - Stopped by Philippe Desrosiers with a rebound.
17:40 of 3rd period - Shot by Anthony Richard.
17:40 of 3rd period - Deflect By Jordan Martinook.
17:40 of 3rd period - Stopped by Philippe Desrosiers without a rebound.
17:41 of 3rd period - Dylan Sikura wins face-off versus Jordan Martinook in Gulls zone.
17:58 of 3rd period - Shot by Wyatte Wylie.
17:58 of 3rd period - Shot Blocked by Mirco Mueller.
18:20 of 3rd period - Mirco Mueller is hit by Mathieu Olivier and loses puck.
18:45 of 3rd period - Shot by Mathieu Olivier.
18:45 of 3rd period - Shot Blocked by Sam Kurker.
18:47 of 3rd period - Shot by Alex Barre-Boulet.
18:47 of 3rd period - Stopped by Philippe Desrosiers without a rebound.
18:48 of 3rd period - Alex Barre-Boulet wins face-off versus Jack Badini in Gulls zone.
18:48 of 3rd period - Fredrik Claesson is hit by Ryan Shea and loses puck.
19:31 of 3rd period - Icing by Fredrik Claesson.
19:32 of 3rd period - TJ Hensick wins face-off versus Alex Barre-Boulet in Moose zone.
19:33 of 3rd period - Shot by Arnaud Durandeau.
19:33 of 3rd period - Stopped by Kaden Fulcher with a rebound.
Goals for this period are 1 for Gulls vs 0 for Moose.
Shots for this period are 13 for Gulls vs 10 for Moose.